| TOP OF THE 1ST |
|
New York Yankees batting - Pitching for Cleveland Guardians : RHP Ben Cole
|
|
Pitching: RHP Ben Cole
|
|
|
Batting: LHB Jordan de Jesus
|
0-0: Called Strike 0-1: Called Strike 0-2: Strikes out swinging
|
|
Batting: RHB C.J. Richerson
|
0-0: Ball 1-0: Ball 2-0: Called Strike 2-1: Ball 3-1: Foul Ball, location: 2F 3-2: Ground out 1-3 (Groundball, 34S, EV 68.1 MPH)
|
|
Batting: SHB Bartholomeu Chambino
|
0-0: Ball 1-0: Ball 2-0: Called Strike 2-1: Ball 3-1: Called Strike 3-2: SINGLE (Line Drive, 9S, EV 92.5 MPH)
|
|
Batting: LHB Jim Skare
|
0-0: Ball 1-0: Called Strike 1-1: Ball 2-1: Foul Ball, location: 2F 2-2: Ground out 1-3 (Groundball, 34S, EV 70.0 MPH)
|
| Top of the 1st over - 0 runs, 1 hit, 0 errors, 1 left on base; New York 0 - Cleveland 0 |
| BOTTOM OF THE 1ST |
|
Cleveland Guardians batting - Pitching for New York Yankees : RHP Tim Catalano
|
|
Pitching: RHP Tim Catalano
|
|
|
Batting: LHB John Harring
|
0-0: Foul Ball, location: 2F 0-1: Ball 1-1: Ball 2-1: Called Strike 2-2: Ball 3-2: Hit by Pitch
|
|
Batting: RHB Christian Blue
|
0-0: Fly out, F8 (Flyball, 8LXD, EV 103.8 MPH)
|
|
Batting: LHB Arvin Dungca
|
0-0: Called Strike 0-1: Ball 1-1: Swinging Strike 1-2: Strikes out swinging
|
|
Batting: RHB Nick Ogle
|
0-0: Ball 1-0: Ball 2-0: Called Strike 2-1: Ball 3-1: Called Strike 3-2: Base on Balls John Harring to second
|
|
Batting: RHB Hiroshige Yamada
|
0-0: Ball 1-0: Called Strike 1-1: Swinging Strike 1-2: Foul Ball, location: 2F 1-2: Fielders Choice at 2nd, 6-4 (Groundball, 6, EV 86.2 MPH)
|
| Bottom of the 1st over - 0 runs, 0 hits, 0 errors, 2 left on base; New York 0 - Cleveland 0 |
| TOP OF THE 2ND |
|
New York Yankees batting - Pitching for Cleveland Guardians : RHP Ben Cole
|
|
Batting: RHB Adriaan Pieters
|
0-0: Called Strike 0-1: Ball 1-1: Foul Ball, location: 2F 1-2: Foul Ball, location: 2F 1-2: Ball 2-2: Ground out 5-3 (Groundball, 5, EV 97.5 MPH)
|
|
Batting: LHB Jason Peck
|
0-0: Fly out, F7 (Line Drive, 78M, EV 83.8 MPH)
|
|
Batting: RHB Shiro Suehiro
|
0-0: SOLO HOME RUN (Flyball, 9LD, EV 93.1 MPH), Distance : 351 ft
|
|
Batting: RHB Russ Shambaugh
|
0-0: Ball 1-0: Foul Ball, location: 2F 1-1: SINGLE (Flyball, 89S, EV 91.9 MPH)
|
|
Batting: RHB Mike Gifford
|
0-0: Called Strike Russ Shambaugh steals 2nd, throwing error, E2 Russ Shambaugh to third 0-1: Foul Ball, location: 2F 0-2: Ball 1-2: Foul Ball, location: 2F 1-2: Ball 2-2: Strikes out swinging
|
| Top of the 2nd over - 1 run, 2 hits, 1 error, 1 left on base; New York 1 - Cleveland 0 |
| BOTTOM OF THE 2ND |
|
Cleveland Guardians batting - Pitching for New York Yankees : RHP Tim Catalano
|
|
Batting: SHB Pete Barutha
|
0-0: Ball 1-0: Ball 2-0: SOLO HOME RUN (Flyball, 9LD, EV 92.5 MPH), Distance : 343 ft
|
|
Batting: RHB Jasper Burd
|
0-0: Swinging Strike 0-1: Ball 1-1: Ball 2-1: Ball 3-1: SOLO HOME RUN (Flyball, 78XD, EV 99.4 MPH), Distance : 419 ft
|
|
Batting: RHB Aaron Matthews
|
0-0: Ground out 6-3 (Groundball, 6, EV 80.6 MPH)
|
|
Batting: RHB Rick O'Reilly
|
0-0: Swinging Strike 0-1: Foul Ball, location: 2F 0-2: Strikes out swinging
|
|
Batting: LHB John Harring
|
0-0: Ball 1-0: Ball 2-0: Called Strike 2-1: Foul Ball, location: 2F 2-2: Foul Ball, location: 2F 2-2: Foul Ball, location: 2F 2-2: Ball 3-2: Base on Balls
|
|
Batting: RHB Christian Blue
|
0-0: Ball 1-0: Called Strike 1-1: Ball 2-1: Fly out, F9 (Flyball, 89S, EV 78.1 MPH)
|
| Bottom of the 2nd over - 2 runs, 2 hits, 0 errors, 1 left on base; New York 1 - Cleveland 2 |
| TOP OF THE 3RD |
|
New York Yankees batting - Pitching for Cleveland Guardians : RHP Ben Cole
|
|
Batting: LHB Jordan de Jesus
|
0-0: Called Strike 0-1: Fly out, F6 (Line Drive, 6, EV 71.2 MPH)
|
|
Batting: RHB C.J. Richerson
|
0-0: Foul Ball, location: 2F 0-1: Ball 1-1: Foul Ball, location: 2F 1-2: Foul Ball, location: 2F 1-2: Ball 2-2: Foul Ball, location: 2F 2-2: Foul Ball, location: 2F 2-2: Fly out, F2 (Popup, 23F, EV 75.6 MPH)
|
|
Batting: SHB Bartholomeu Chambino
|
0-0: Called Strike 0-1: Swinging Strike 0-2: Ball 1-2: Foul Ball, location: 2F 1-2: Ball 2-2: SINGLE (Groundball, 34D, EV 102.5 MPH)
|
|
Batting: LHB Jim Skare
|
0-0: Ball 1-0: Foul Ball, location: 2F 1-1: Ball Bartholomeu Chambino steals 2nd base 2-1: Foul Ball, location: 2F 2-2: Strikes out swinging
|
| Top of the 3rd over - 0 runs, 1 hit, 0 errors, 1 left on base; New York 1 - Cleveland 2 |
| BOTTOM OF THE 3RD |
|
Cleveland Guardians batting - Pitching for New York Yankees : RHP Tim Catalano
|
|
Batting: LHB Arvin Dungca
|
0-0: Called Strike 0-1: Ball 1-1: Ball 2-1: Fly out, F7 (Line Drive, 7LS, EV 100.0 MPH)
|
|
Batting: RHB Nick Ogle
|
0-0: Called Strike 0-1: Ball 1-1: Fly out, F8 (Line Drive, 8RD, EV 91.2 MPH)
|
|
Batting: RHB Hiroshige Yamada
|
0-0: Foul Ball, location: 2F 0-1: Ball 1-1: Called Strike 1-2: Foul Ball, location: 2F 1-2: Foul Ball, location: 2F 1-2: Fly out, F9 (Flyball, 9S, EV 78.8 MPH)
|
| Bottom of the 3rd over - 0 runs, 0 hits, 0 errors, 0 left on base; New York 1 - Cleveland 2 |
| TOP OF THE 4TH |
|
New York Yankees batting - Pitching for Cleveland Guardians : RHP Ben Cole
|
|
Batting: RHB Adriaan Pieters
|
0-0: Called Strike 0-1: Swinging Strike 0-2: SINGLE (Groundball, 25, EV 65.0 MPH) (infield hit)
|
|
Batting: LHB Jason Peck
|
0-0: Called Strike 0-1: Grounds into double play, 4-6-3 (Groundball, 4, EV 82.5 MPH)
|
|
Batting: RHB Shiro Suehiro
|
0-0: Ball 1-0: SINGLE (Groundball, 15S, EV 69.4 MPH) (infield hit)
|
|
Batting: RHB Russ Shambaugh
|
0-0: Foul Ball, location: 2F 0-1: Ball 1-1: Ground out 1-3 (Groundball, 23, EV 69.4 MPH)
|
| Top of the 4th over - 0 runs, 2 hits, 0 errors, 1 left on base; New York 1 - Cleveland 2 |
| BOTTOM OF THE 4TH |
|
Cleveland Guardians batting - Pitching for New York Yankees : RHP Tim Catalano
|
|
Batting: SHB Pete Barutha
|
0-0: Swinging Strike 0-1: Swinging Strike 0-2: Ball 1-2: Ball 2-2: SOLO HOME RUN (Flyball, 9D, EV 97.5 MPH), Distance : 374 ft
|
|
Batting: RHB Jasper Burd
|
0-0: Called Strike 0-1: Foul Ball, location: 2F 0-2: Ball 1-2: Ball 2-2: Foul Ball, location: 2F 2-2: Strikes out swinging
|
|
Batting: RHB Aaron Matthews
|
0-0: Ball 1-0: Foul Ball, location: 2F 1-1: Fly out, F9 (Line Drive, 9, EV 88.8 MPH)
|
|
Batting: RHB Rick O'Reilly
|
0-0: Called Strike 0-1: Foul Ball, location: 2F 0-2: Ball 1-2: Strikes out swinging
|
| Bottom of the 4th over - 1 run, 1 hit, 0 errors, 0 left on base; New York 1 - Cleveland 3 |
| TOP OF THE 5TH |
|
New York Yankees batting - Pitching for Cleveland Guardians : RHP Ben Cole
|
|
Batting: RHB Mike Gifford
|
0-0: Ball 1-0: Called Strike 1-1: Called Strike 1-2: Ball 2-2: Foul Ball, location: 2F 2-2: Foul Ball, location: 2F 2-2: Ball 3-2: Ground out 2-3 (Groundball, 2L, EV 63.1 MPH)
|
|
Batting: LHB Jordan de Jesus
|
0-0: SINGLE (Line Drive, 8LS, EV 96.2 MPH)
|
|
Batting: RHB C.J. Richerson
|
0-0: Ball 1-0: Grounds into double play, 5-4-3 (Groundball, 5S, EV 83.8 MPH)
|
| Top of the 5th over - 0 runs, 1 hit, 0 errors, 0 left on base; New York 1 - Cleveland 3 |
| BOTTOM OF THE 5TH |
|
Cleveland Guardians batting - Pitching for New York Yankees : RHP Tim Catalano
|
|
Batting: LHB John Harring
|
0-0: Ball 1-0: Ball 2-0: Called Strike 2-1: Ball 3-1: Foul Ball, location: 2F 3-2: Strikes out swinging
|
|
Batting: RHB Christian Blue
|
0-0: Called Strike 0-1: Ball 1-1: Called Strike 1-2: Ball 2-2: Foul Ball, location: 2F 2-2: SINGLE (Flyball, 5D, EV 89.4 MPH)
|
|
Batting: LHB Arvin Dungca
|
0-0: Called Strike 0-1: Ball Wild Pitch! Christian Blue to second 1-1: Swinging Strike 1-2: Strikes out swinging, 2-3 out at first.
|
|
Batting: RHB Nick Ogle
|
0-0: DOUBLE (Line Drive, 7LM, EV 88.8 MPH) Christian Blue scores
|
|
Batting: RHB Hiroshige Yamada
|
0-0: Ball 1-0: Called Strike 1-1: Ball 2-1: Foul Ball, location: 2F 2-2: SINGLE (Groundball, 6MD, EV 104.4 MPH) Nick Ogle to third
|
|
Batting: SHB Pete Barutha
|
0-0: Called Strike 0-1: Ball 1-1: Ball 2-1: Foul Ball, location: 2F 2-2: SINGLE (Line Drive, 3D, EV 97.5 MPH) Nick Ogle scores Hiroshige Yamada to second Runner from 2nd tries for 3rd, SAFE, no throw by RF
|
|
Pitching: RHP Eric Aguilar
|
|
|
Batting: RHB Jasper Burd
|
0-0: Ball 1-0: Swinging Strike 1-1: Swinging Strike 1-2: 3-RUN HOME RUN (Flyball, 8RXD, EV 108.1 MPH), Distance : 433 ft
|
|
Batting: RHB Aaron Matthews
|
0-0: SINGLE (Line Drive, 8LS, EV 108.1 MPH)
|
|
Batting: RHB Rick O'Reilly
|
0-0: Fly out, F4 (Popup, 3S, EV 74.4 MPH)
|
| Bottom of the 5th over - 5 runs, 6 hits, 0 errors, 1 left on base; New York 1 - Cleveland 8 |
| TOP OF THE 6TH |
|
New York Yankees batting - Pitching for Cleveland Guardians : RHP Ben Cole
|
|
Batting: SHB Bartholomeu Chambino
|
0-0: Called Strike 0-1: Swinging Strike 0-2: Foul Ball, location: 2F 0-2: Ball 1-2: Ball 2-2: Strikes out looking
|
|
Batting: LHB Jim Skare
|
0-0: Ball 1-0: Ball 2-0: Ball 3-0: Base on Balls
|
|
Batting: RHB Adriaan Pieters
|
0-0: Called Strike 0-1: Swinging Strike 0-2: SINGLE (Line Drive, 9LS, EV 98.1 MPH) Jim Skare to second
|
|
Batting: LHB Jason Peck
|
0-0: Foul Ball, location: 2F 0-1: Ball 1-1: Foul Ball, location: 2F 1-2: Fielders Choice at 2nd, 4-6 (Groundball, 34, EV 85.0 MPH) Jim Skare to third
|
|
Batting: RHB Shiro Suehiro
|
0-0: Ball 1-0: Called Strike 1-1: Foul Ball, location: 2F 1-2: Foul Ball, location: 2F 1-2: Ball 2-2: Foul Ball, location: 2F 2-2: Ball 3-2: Fly out, F9 (Line Drive, 9S, EV 91.2 MPH)
|
| Top of the 6th over - 0 runs, 1 hit, 0 errors, 2 left on base; New York 1 - Cleveland 8 |
| BOTTOM OF THE 6TH |
|
Cleveland Guardians batting - Pitching for New York Yankees : RHP Eric Aguilar
|
|
Batting: LHB John Harring
|
0-0: Ball 1-0: Called Strike 1-1: Foul Ball, location: 2F 1-2: Ground out U3 (Groundball, 13, EV 78.8 MPH)
|
|
Batting: RHB Christian Blue
|
0-0: Called Strike 0-1: Foul Ball, location: 2F 0-2: SINGLE (Flyball, 8RS, EV 95.6 MPH)
|
|
Batting: LHB Arvin Dungca
|
0-0: Ball 1-0: Foul Ball, location: 2F 1-1: Ball 2-1: Foul Ball, location: 2F 2-2: Ball 3-2: Base on Balls Christian Blue to second
|
|
Batting: RHB Nick Ogle
|
0-0: Fly out, F9 (Flyball, 9D, EV 96.9 MPH) Runner from 2nd tags up, SAFE at 3rd, no throw by RF
|
|
Batting: RHB Hiroshige Yamada
|
0-0: Ball 1-0: 3-RUN HOME RUN (Flyball, 7D, EV 95.0 MPH), Distance : 371 ft
|
|
Batting: SHB Pete Barutha
|
0-0: Ball 1-0: Ball 2-0: Ball 3-0: Called Strike 3-1: Called Strike 3-2: Base on Balls
|
|
Batting: RHB Jasper Burd
|
0-0: Swinging Strike 0-1: Swinging Strike 0-2: Ball 1-2: Foul Ball, location: 2F 1-2: Ball 2-2: Strikes out swinging
|
| Bottom of the 6th over - 3 runs, 2 hits, 0 errors, 1 left on base; New York 1 - Cleveland 11 |
| TOP OF THE 7TH |
|
New York Yankees batting - Pitching for Cleveland Guardians : RHP Ben Cole
|
|
Pitching: RHP Joe Zeiset
|
|
|
Now at 2B: Danny Eberhart
|
|
|
Batting: RHB Russ Shambaugh
|
0-0: Foul Ball, location: 2F 0-1: Ball 1-1: Ball 2-1: Swinging Strike 2-2: Foul Ball, location: 2F 2-2: Foul Ball, location: 2F 2-2: Strikes out swinging
|
|
Batting: RHB Mike Gifford
|
0-0: Foul Ball, location: 2F 0-1: Ball 1-1: Swinging Strike 1-2: Ball 2-2: Fly out, F3 (Line Drive, 3L, EV 65.0 MPH)
|
|
Batting: LHB Jordan de Jesus
|
0-0: Swinging Strike 0-1: Ball 1-1: Called Strike 1-2: Foul Ball, location: 2F 1-2: Ball 2-2: Strikes out looking
|
| Top of the 7th over - 0 runs, 0 hits, 0 errors, 0 left on base; New York 1 - Cleveland 11 |
| BOTTOM OF THE 7TH |
|
Cleveland Guardians batting - Pitching for New York Yankees : RHP Eric Aguilar
|
|
Batting: RHB Aaron Matthews
|
0-0: Called Strike 0-1: Fly out, F9 (Flyball, 9D, EV 90.0 MPH)
|
|
Batting: RHB Rick O'Reilly
|
0-0: Ball 1-0: Swinging Strike 1-1: Foul Ball, location: 2F 1-2: Ball 2-2: Ball 3-2: Fly out, F6 (Flyball, 56D, EV 86.2 MPH)
|
|
Batting: LHB John Harring
|
0-0: Ground out 6-3 (Groundball, 6, EV 102.5 MPH)
|
| Bottom of the 7th over - 0 runs, 0 hits, 0 errors, 0 left on base; New York 1 - Cleveland 11 |
| TOP OF THE 8TH |
|
New York Yankees batting - Pitching for Cleveland Guardians : RHP Joe Zeiset
|
|
Batting: RHB C.J. Richerson
|
0-0: Foul Ball, location: 2F 0-1: Swinging Strike 0-2: Ball 1-2: Fly out, F9 (Flyball, 9, EV 91.9 MPH)
|
|
Batting: SHB Bartholomeu Chambino
|
0-0: Swinging Strike 0-1: Swinging Strike 0-2: Strikes out swinging
|
|
Batting: LHB Jim Skare
|
0-0: Ball 1-0: Ball 2-0: SINGLE (Line Drive, 34, EV 105.0 MPH)
|
|
Batting: RHB Adriaan Pieters
|
0-0: Ball 1-0: Called Strike 1-1: Ball 2-1: Foul Ball, location: 2F 2-2: Foul Ball, location: 2F 2-2: Ball 3-2: Base on Balls Jim Skare to second
|
|
Batting: LHB Jason Peck
|
0-0: Ball 1-0: Swinging Strike 1-1: Foul Ball, location: 2F 1-2: Ball 2-2: Ball 3-2: Fly out, F7 (Flyball, 7LM, EV 88.1 MPH)
|
| Top of the 8th over - 0 runs, 1 hit, 0 errors, 2 left on base; New York 1 - Cleveland 11 |
| BOTTOM OF THE 8TH |
|
Cleveland Guardians batting - Pitching for New York Yankees : RHP Eric Aguilar
|
|
Batting: RHB Christian Blue
|
0-0: Ball 1-0: Foul Ball, location: 2F 1-1: Ball 2-1: Ball 3-1: Fly out, F8 (Flyball, 8LS, EV 91.2 MPH)
|
|
Batting: LHB Arvin Dungca
|
0-0: Ball 1-0: Ball 2-0: Foul Ball, location: 2F 2-1: SINGLE (Groundball, 34D, EV 96.2 MPH)
|
|
Pitching: RHP Bret Davies
|
|
|
Batting: RHB Nick Ogle
|
0-0: Ground out 6-3 (Groundball, 56D, EV 105.6 MPH) Arvin Dungca to second
|
|
Batting: RHB Hiroshige Yamada
|
0-0: Called Strike 0-1: Ball 1-1: Foul Ball, location: 2F 1-2: Foul Ball, location: 2F 1-2: Ball 2-2: Ball 3-2: Base on Balls
|
|
Batting: SHB Pete Barutha
|
0-0: Called Strike 0-1: Swinging Strike 0-2: Ball 1-2: Foul Ball, location: 2F 1-2: Foul Ball, location: 2F 1-2: Ground out 4-3 (Groundball, 4, EV 105.0 MPH)
|
| Bottom of the 8th over - 0 runs, 1 hit, 0 errors, 2 left on base; New York 1 - Cleveland 11 |
| TOP OF THE 9TH |
|
New York Yankees batting - Pitching for Cleveland Guardians : RHP Joe Zeiset
|
|
Batting: RHB Shiro Suehiro
|
0-0: Ball 1-0: Called Strike 1-1: Fly out, F8 (Flyball, 89D, EV 85.0 MPH)
|
|
Batting: RHB Russ Shambaugh
|
0-0: Fly out, F8 (Flyball, 8LD, EV 110.0 MPH)
|
|
Batting: RHB Mike Gifford
|
0-0: Ball 1-0: Foul Ball, location: 2F 1-1: Swinging Strike 1-2: Foul Ball, location: 2F 1-2: Strikes out swinging
|
| Top of the 9th over - 0 runs, 0 hits, 0 errors, 0 left on base; New York 1 - Cleveland 11 |
|